AoeStats
← Baily

Arena

508158488Analyzed
4v4 RM · 12d ago on Sep 21, 2026· 53m 21s· 8 players
Game mode
Random Map
Map size
Large (8 player)
Population
200
Speed
Normal
Resources
Standard
Victory
Conquest
Starting age
Dark Age
Ending age
Imperial Age
RankedLock teamsTeams togetherTeam positionsShared explorationLock speedFull tech treeHidden civsTurbo modeCheats
Victory
Defeat
🇨🇳 Chinese · China
979
+8
🇹🇼 Spanish · Taiwan
889
+12
🇨🇳 Magyars · China
799
+15
🇨🇳 Persians · China
588
+24
🇨🇦 Slavs · Canada
831
-17
🇨🇴 Bulgarians · Colombia
805
-16
🇺🇸 Turks · United States
778
-14
🇲🇽 Persians · Mexico
723
-12
614Superdry
11:43 Feudal Age
12:04 Horse Collar
12:10 Double-Bit Axe
14:05 Loom
18:32 Castle Age
16:56 Gold Mining
17:34 Stone Mining
21:09 Wheelbarrow
22:19 Heavy Plow
25:35 Bloodlines
25:25 Husbandry
25:32 Husbandry
27:00 Gold Shaft Mining
27:14 Bow Saw
27:49 Detinets
28:41 Forging
28:37 Scale Barding Armor
32:07 Imperial Age
29:26 Loom
30:02 Hand Cart
31:09 Iron Casting
31:03 Chain Barding Armor
33:08 Conscription
34:12 Blast Furnace
34:34 Crop Rotation
34:43 Plate Barding Armor
33:47 Pikeman
33:49 Man-at-Arms
34:38 Long Swordsman
35:19 Squires
35:41 Two-Handed Swordsman
36:37 Champion
37:23 Scale Mail Armor
37:36 Elite Boyar
39:17 Druzhina
45:02 Two-Man Saw
50:32 Hoardings
MousePuddles
12:54 Feudal Age
13:25 Double-Bit Axe
13:21 Horse Collar
13:32 Gold Mining
18:31 Castle Age
25:41 Imperial Age
24:25 Caravan
25:07 Bow Saw
30:11 Padded Archer Armor
PussyMan
0:31 Loom
11:40 Feudal Age
18:03 Castle Age
17:16 Horse Collar
17:27 Double-Bit Axe
27:19 Fletching
27:40 Forging
28:45 Scale Barding Armor
29:16 Iron Casting
29:21 Bloodlines
29:12 Husbandry
35:30 Imperial Age
33:36 Wheelbarrow
35:26 Padded Archer Armor
35:22 Bodkin Arrow
35:48 Chain Barding Armor
36:21 Onager
36:41 Cavalier
38:31 Savar
42:27 Capped Ram
44:56 Plate Barding Armor
45:24 Blast Furnace
44:25 Scale Mail Armor
46:21 Pikeman
48:45 Chain Mail Armor
50:26 Squires
50:11 Arson
51:53 Halberdier
L3GAL
2:23 Loom
2:44 Loom
12:01 Feudal Age
12:56 Double-Bit Axe
12:56 Horse Collar
22:24 Castle Age
21:06 Fletching
25:11 Elite Skirmisher
36:34 Wheelbarrow
42:18 Pikeman
43:04 Scale Mail Armor
44:57 Bodkin Arrow
48:16 Padded Archer Armor
Baily
10:25 Feudal Age
11:33 Double-Bit Axe
11:32 Horse Collar
11:47 Gold Mining
13:51 Wheelbarrow
19:29 Castle Age
17:28 Stone Mining
20:58 Heavy Plow
21:09 Bow Saw
21:37 Gold Shaft Mining
25:20 Pikeman
26:01 Squires
25:28 Pikeman
30:00 Light Cavalry
35:04 Stone Shaft Mining
45:47 Imperial Age
47:22 Citadels
47:14 Kamandaran
46:38 Elite War Elephant
47:20 Kamandaran
47:42 Conscription
46:46 Elite War Elephant
47:51 Conscription
47:33 Kamandaran
50:21 Two-Man Saw
49:52 Crop Rotation
49:12 Town Watch
49:13 Loom
49:44 Hand Cart
49:51 Hand Cart
49:23 Loom
49:47 Scale Barding Armor
49:52 Forging
49:46 Padded Archer Armor
49:36 Fletching
50:15 Heavy Camel Rider
50:58 Husbandry
51:10 Bloodlines
SCON
10:52 Feudal Age
15:45 Castle Age
14:44 Double-Bit Axe
14:43 Horse Collar
18:37 Bow Saw
21:42 Wheelbarrow
24:20 Stone Mining
24:22 Gold Mining
29:46 Imperial Age
30:50 Bloodlines
30:01 Light Cavalry
30:42 Husbandry
30:49 Thumb Ring
31:10 Parthian Tactics
30:05 Heavy Cavalry Archer
33:20 Fletching
33:30 Padded Archer Armor
33:36 Scale Barding Armor
35:58 Ballistics
36:40 Chemistry
35:38 Bodkin Arrow
36:14 Hussar
37:23 Bracer
37:38 Leather Archer Armor
38:48 Chain Barding Armor
41:34 Ring Archer Armor
41:40 Plate Barding Armor
41:14 Recurve Bow
43:31 Corvinian Army
45:08 Elite Magyar Huszar
联通专业户
0:28 Loom
11:04 Feudal Age
11:50 Double-Bit Axe
15:46 Castle Age
13:32 Horse Collar
14:18 Gold Mining
17:15 Wheelbarrow
19:20 Bow Saw
22:57 Heavy Plow
24:39 Stone Mining
25:28 Gold Shaft Mining
28:19 Imperial Age
25:27 Pikeman
26:55 Husbandry
27:05 Bloodlines
27:03 Squires
26:57 Fletching
27:58 Stone Shaft Mining
28:33 Forging
28:18 Bodkin Arrow
28:45 Ballistics
30:15 Hand Cart
30:09 Scale Barding Armor
30:39 Iron Casting
31:32 Two-Man Saw
31:42 Chemistry
30:23 Cavalier
31:40 Conscription
33:04 Bracer
33:04 Padded Archer Armor
34:05 Blast Furnace
33:05 Scale Mail Armor
33:25 Chain Barding Armor
33:44 Halberdier
35:11 Fortified Wall
35:11 Masonry
35:21 Leather Archer Armor
35:54 Guard Tower
36:09 Elite Chu Ko Nu
37:14 Town Watch
37:48 Chain Mail Armor
38:11 Keep
38:06 Architecture
38:56 Devotion
39:23 Illumination
39:35 Theocracy
43:35 Rocketry
44:18 Murder Holes
44:10 Arrowslits
50:36 Town Patrol
51:09 Plate Mail Armor
51:09 Ring Archer Armor
51:15 Plate Barding Armor
50:04 Light Cavalry
春元胯下巨蟒
10:54 Feudal Age
15:29 Castle Age
13:44 Loom
14:53 Stone Mining
15:50 Double-Bit Axe
18:55 Gold Mining
19:43 Padded Archer Armor
40:18 Imperial Age
38:29 Wheelbarrow
39:35 Elite Skirmisher
40:08 Horse Collar
42:31 Hand Cart
43:43 Bloodlines
43:34 Husbandry
43:46 Forging
43:42 Scale Barding Armor
44:18 Cavalier
47:31 Bow Saw
49:14 Stone Shaft Mining
49:18 Chain Barding Armor
49:34 Iron Casting
50:10 Two-Man Saw
48:40 Light Cavalry
51:34 Paladin
53:11 Plate Barding Armor
53:51 Blast Furnace
53:41 Devotion
Connection lost

Rejoining the realm…

Still unreachable

The connection could not be restored.

Session expired

The server has moved on; the page needs a fresh start.